 Dungeon Crawl Stone Soup version 0.30-a0-782-ge64f9170bb (webtiles) character file.

Game seed: 12201268419215930072

32 M4edhros the Charlatan (level 3, -3/24 HPs)
             Began as an Octopode Artificer on Feb 20, 2023.
             Slain by an orc
             ... wielding a +2 short sword of speed
              (5 damage)
             ... on level 3 of the Dungeon.
             The game lasted 00:01:02 (507 turns).

M4edhros the Charlatan (Octopode Artificer)          Turns: 507, Time: 00:01:02

Health: -3/24      AC:  1    Str: 11    XL:     3   Next: 27%
Magic:  3/3        EV: 14    Int: 13    God:
Gold:   46         SH:  0    Dex: 14    Spells: 2/2 levels left

rFire   . . .      SeeInvis .    (no weapon)
rCold   . . .      Faith    .    (no shield)
rNeg    . . .      Spirit   .    (helmet restricted)
rPois   .          Reflect  .    (no amulet)
rElec   .          Harm     .    i - ring of willpower
rCorr   .          Rampage  .    (no ring)
Will    +....                    (no ring)
Stlth   +++                      (no ring)
HPRegen 0.24/turn                (no ring)
MPRegen 0.08/turn                (no ring)
                                 (no ring)
                                 (no ring)

@: brilliant
A: almost no armour, amphibious, 8 rings, camouflage 1, gelatinous body 1,
(nimble swimmer 1), tentacles
a: no special abilities


You were on level 3 of the Dungeon.
You visited 1 branch of the dungeon, and saw 3 of its levels.

You collected 46 gold pieces.

Inventory:

Magical Staves
 e - a staff of poison
Jewellery
 i - a ring of willpower (left tentacle)
Wands
 b - a wand of flame (14) (quivered)
 c - a wand of charming (14)
 d - a wand of iceblast (5)
Scrolls
 a - a scroll of butterflies {unknown}
 f - a scroll of identify {unknown}
 h - a scroll of vulnerability {unknown}


   Skills:
 + Level 2.2 Fighting
 + Level 3.2 Dodging
 - Level 1.3 Stealth
 - Level 3.2 Evocations


You had 2 spell levels left.
You didn't know any spells.
Your spell library was empty.

Dungeon Overview and Level Annotations

Branches:
Dungeon (3/15)

Altars:


Innate Abilities, Weirdness & Mutations

You cannot wear most types of armour.
You are amphibious.
You can wear up to eight rings at the same time.
Your skin changes colour to match your surroundings (Stealth+).
Your rubbery body absorbs attacks. (AC +1, EV +1)
((You are camouflaged when in or above water. (Stealth+)))
You have tentacles for arms and can constrict up to eight enemies at once.


Message History

You tentacle-slap the orc.
You kill the orc!
You barely miss the orc. You grab the orc.
You constrict the orc, but do no damage.
The orc misses you.
You tentacle-slap the orc but do no damage.
You squeeze the orc.
The orc is moderately wounded.
You constrict the orc, but do no damage.
The orc hits you with a +2 short sword of speed. x2
You tentacle-slap the orc but do no damage.
The orc is moderately wounded.
You constrict the orc. The orc barely misses you.
The orc wizard gestures wildly while chanting.
The orc wizard flickers and vanishes!
Deactivating autopickup; reactivate with Ctrl-A.
You tentacle-slap the orc but do no damage.
You squeeze the orc, but do no damage.
The orc is heavily wounded.
You constrict the orc, but do no damage.
The orc hits you with a +2 short sword of speed.
The orc closely misses you.
You tentacle-slap the orc but do no damage.
The orc is heavily wounded.
You constrict the orc.
The orc hits you with a +2 short sword of speed.
It was a potion of brilliance.
You feel clever all of a sudden.
You constrict the orc, but do no damage.
The orc hits you with a +2 short sword of speed.
* * * LOW HITPOINT WARNING * * *
The orc misses you.
Aiming: Throw Flame
Press: ? - help, Shift-Dir - straight line, f/p - orc
Aim: an orc, wielding a +2 short sword of speed and wearing a +0 chain mail (heavily wounded, constricted by you, 100% to hit)
The puff of flame hits the orc but does no damage.
The orc is heavily wounded.
You constrict the orc.
The orc hits you with a +2 short sword of speed.
You die...

...<.#.....#
#.###..#
...........#
#......#
.....#.....#
##....##
.....#.....#
#.####
.....#######
#.# .....#
#.# ..####
#.# .## #.#
.# #. #@# .#
#..###o# .#
#oo.o{# ..
#.o##### ##
#o


You could see 2 orcs.

Vanquished Creatures
  2 adders
  An orc (D:3)
  2 endoplasms (D:2)
  A giant cockroach (D:3)
  A goblin (D:3)
  2 hobgoblins (D:2)
  2 kobolds
  A quokka (D:2)
  A ball python (D:3)
13 creatures vanquished.

Vanquished Creatures (others)
  A quokka (D:3)
1 creature vanquished.

Grand Total: 14 creatures vanquished

Notes
Turn   | Place    | Note
-------+----------+-------------------------------------------
     0 | D:1      | M4edhros the Octopode Artificer began the quest for the
                  | Orb.
     0 | D:1      | Reached XP level 1. HP: 13/13 MP: 1/1
   146 | D:2      | Reached XP level 2. HP: 19/19 MP: 2/2
   321 | D:3      | Reached XP level 3. HP: 5/24 MP: 3/3
   507 | D:3      | Slain by an orc

Illustrated notes

Levels and vault maps discovered:
D:1:      minmay_arrival_shoal_huts, layout_rooms, minmay_misc_feat_doors
D:2:      layout_basic, minmay_distorted
D:3:      layout_loops_cross, shapermc_ecumenical_altar_mp_urbaneastern

Skill      XL: |  1  2 |
---------------+-------+-----
Fighting       | 2 |  2.2
Dodging        | 3 |  3.2
Stealth        | |  1.3
Evocations     | |  3.2

Action                     || total
---------------------------++-------
  Melee: Unarmed           ||    46
         Tentacles         ||    12
         Constrict         ||    11
  Evoke: Wand              ||     2
    Use: Potion            ||     2
   Stab: Sleeping          ||     3
 Armour: Skin              ||     4
  Dodge: Dodged            ||    29

Table legend: (Time is in decaauts)
 A = Elapsed time spent in this place.
 B = Non-inter-level travel time spent in this place.
 C = Inter-level travel time spent in this place.
 D = Time resting spent in this place.
 E = Time spent auto-exploring this place.
 F = Levels seen in this place.
 G = Mean time per level.
                   A        B        C        D        E       F      G
               +--------+--------+--------+--------+--------+-----+--------+
         Total |    491 |    478 |     13 |    132 |    215 |   3 |  163.7 |
       Dungeon |    491 |    478 |     13 |    132 |    215 |   3 |  163.7 |
               +--------+--------+--------+--------+--------+-----+--------+

Top non-repeatable levels by time:
     D:2: 299 daAuts
     D:3: 189 daAuts
     D:1: 3 daAuts
